 Dungeon Crawl Stone Soup version 0.30.0-29-ga12c61a403 (webtiles) character file.

Game seed: 2962043556500660602

1104 cheesebisquit the Basher (level 8, -1/66 HPs)
             Began as a Hill Orc Fighter on June 23, 2023.
             Slain by an iguana (11 damage)
             ... on level 4 of the Dungeon.
             The game lasted 00:12:08 (4243 turns).

cheesebisquit the Basher (Hill Orc Fighter)         Turns: 4243, Time: 00:12:08

Health: -1/66      AC: 12    Str: 25    XL:     8   Next: 32%
Magic:  8/8        EV:  8    Int: 12    God:
Gold:   177        SH:  4    Dex: 10    Spells: 7/7 levels left

rFire   . . .        s - +9 mace of Saecoes {freeze, Int+2}
rCold   . . .        u - +0 buckler {reflect}
rNeg    . . .        c - +0 chain mail
rPois   .            (no helmet)
rElec   .            (no cloak)
rCorr   .            r - +2 pair of gloves
SInv    .            (no boots)
Will    .....        (no amulet) Stlth
                     g - +6 ring of strength
HPRegen 0.31/turn    (no ring)
MPRegen 0.11/turn

%: reflection
@: no status effects
A: no striking features
a: no special abilities


You were on level 4 of the Dungeon.
You visited 2 branches of the dungeon, and saw 6 of its levels.

You collected 177 gold pieces.

Inventory:

Hand Weapons
 a - a +0 war axe
 s - the +9 mace of Saecoes (weapon) {freeze, Int+2}
   (You found it on level 3 of the Dungeon)

   Int:       It affects your intelligence (+2).
Missiles
 m - 3 poisoned darts (quivered)
 B - 3 boomerangs
Armour
 c - a +0 chain mail (worn)
 r - a +2 pair of gloves (worn)
 u - a +0 buckler of reflection (worn)
Jewellery
 g - a +6 ring of strength (left hand)
Wands
 d - a wand of quicksilver (3)
Scrolls
 i - 2 scrolls of magic mapping {unknown}
 j - a scroll of enchant weapon {unknown}
 k - a scroll of brand weapon {unknown}
 l - a scroll of teleportation {unknown}
 n - 2 scrolls of fog {unknown}
 p - 4 scrolls of fear {unknown}
 q - a scroll of vulnerability {unknown}
 t - a scroll of noise {unknown}
 y - 4 scrolls of identify {unknown}
 C - a scroll of poison {unknown}
Potions
 b - a potion of attraction {unknown}
 e - 4 potions of curing
 f - a potion of resistance {unknown}
 h - 2 potions of brilliance {unknown}
 o - 5 potions of mutation {unknown}
 v - a potion of degeneration {unknown}
 w - 2 potions of berserk rage {unknown}
 x - a potion of lignification {unknown}
 z - 3 potions of haste {unknown}
 A - a potion of ambrosia {unknown}


   Skills:
 - Level 4.0 Fighting
 - Level 6.2(9.2) Axes
 + Level 9.0(9.6) Maces & Flails
 - Level 3.6 Armour
 - Level 3.2 Shields


You had 7 spell levels left.
You didn't know any spells.
Your spell library was empty.

Dungeon Overview and Level Annotations

Branches:
Dungeon (5/15)             Temple (1/1) D:4

Altars:
Ashenzari
Cheibriados
Dithmenos
Gozag
Hepliaklqana
Nemelex Xobeh
Okawaru
Ru
Sif Muna
Trog
Uskayaw
Wu Jian
Xom
Yredelemnul
The Shining One

Shops:
D:1 (:   D:3 (   D:4 *


Message History

There is a stone staircase leading up here.
The orc shouts!
The hound closely misses you.
The iguana bites you but does no damage.
The orc closely misses you. The yak gores you. The hound closely misses you.
You climb upwards.
There is a stone staircase leading down, spattered with blood here.
You hit the iguana but do no damage. The hound bites you. The yak gores you!
The orc barely misses you. The iguana bites you! You block the yak's attack.
The orc hits you but does no damage.
The iguana bites you but does no damage.
The hound closely misses you. The yak attacks as you move away!
The yak misses you. The orc attacks as you move away!
The orc hits you with a +0 hand axe.
The iguana bites you but does no damage.
Okay, then.
The iguana attacks as you move away! The iguana bites you!
* * * LOW HITPOINT WARNING * * *
The hound barely misses you. The iguana attacks as you move away!
The iguana bites you!
* * * LOW HITPOINT WARNING * * *
The hound attacks as you move away! The hound completely misses you.
You block the hound's attack.
You feel better. The hound bites you but does no damage.
The iguana barely misses you. The hound bites you.
* * * LOW HITPOINT WARNING * * *
The iguana attacks as you move away!
The iguana bites you but does no damage.
The hound attacks as you move away! The hound bites you but does no damage.
The iguana attacks as you move away! You block the iguana's attack.
The hound bites you but does no damage. The iguana attacks as you move away!
The iguana bites you but does no damage.
The iguana attacks as you move away! The iguana barely misses you.
A giant cockroach comes into view.
The hound bites you but does no damage. The iguana attacks as you move away!
The iguana bites you.
* * * LOW HITPOINT WARNING * * *
The iguana attacks as you move away! The iguana bites you!
You die...

#.....#####.......##...))...
#...#...###.<.....#.....##.#
##..##.###.........##....)..#
##......##...........#.#..#...
#...........#....B...#.##.##..
#..........###................
####..........##.........#.......
..####.......####.##..####...#...
....#........oYh@<##...###..##...
...............l.........##......
.....>...........................
..##..##....#.........###........
...###................# ##.....##
.####......##..#####..###....####
.###.....###....####.........####
..#.......................#......
.......##.###........#...###.....


You could see a yak, an iguana, a hound, an orc and a giant cockroach.

Vanquished Creatures
  A yak (D:4)
  Eustachio (D:4)
  Duvessa (D:4)
  An ogre (D:5)
  A phantom (D:3)
  2 jellies
  Dowan (D:4)
  A hound (D:3)
  2 orc priests (D:5)
  An iguana (D:5)
  Ijyb (D:4)
  Natasha (thrice) (D:2)
  An orc wizard (D:4)
  3 gnolls (D:5)
  5 adders
  2 worms
  2 dart slugs
  10 orcs
  5 bats
  4 endoplasms
  9 giant cockroaches
  7 goblins
  12 hobgoblins
  6 jackals
  3 quokkas
  4 ball pythons
  2 frilled lizards
  6 kobolds
  4 rats
101 creatures vanquished.

Notes
Turn   | Place    | Note
-------+----------+-------------------------------------------
     0 | D:1      | cheesebisquit the Hill Orc Fighter began the quest for the
                  | Orb.
     0 | D:1      | Reached XP level 1. HP: 19/19 MP: 1/1
   140 | D:1      | Reached XP level 2. HP: 27/27 MP: 2/2
   614 | D:1      | Found Zopt's Book Boutique.
   655 | D:1      | Found Goxiskol's Antique Weapon Shop.
   698 | D:1      | Reached XP level 3. HP: 33/33 MP: 3/3
  1131 | D:2      | Noticed Natasha
  1137 | D:2      | Killed Natasha
  1138 | D:2      | Reached XP level 4. HP: 21/40 MP: 4/4
  1278 | D:2      | Reached skill level 5 in Axes
  1502 | D:2      | Noticed Natasha
  1508 | D:2      | Killed Natasha
  1737 | D:2      | Noticed Natasha
  1745 | D:2      | Killed Natasha
  1746 | D:2      | Reached XP level 5. HP: 34/46 MP: 5/5
  1893 | D:3      | Identified the +9 mace of Saecoes {freeze, Int+2}
  2144 | D:3      | Found a faded altar of an unknown god.
  2150 | D:3      | Reached skill level 1 in Maces & Flails
  2246 | D:3      | Reached skill level 2 in Maces & Flails
  2281 | D:3      | Noticed a phantom
  2296 | D:3      | Killed a phantom
  2297 | D:3      | Reached skill level 3 in Maces & Flails
  2297 | D:3      | Reached XP level 6. HP: 51/52 MP: 6/6
  2493 | D:3      | Reached skill level 4 in Maces & Flails
  2597 | D:3      | Found Soumag's Weapon Shoppe.
  3057 | D:4      | Noticed Dowan
  3058 | D:4      | Noticed Duvessa
  3072 | D:4      | Killed Duvessa
  3073 | D:4      | Reached skill level 5 in Maces & Flails
  3073 | D:4      | Reached XP level 7. HP: 25/59 MP: 7/7
  3081 | D:4      | Killed Dowan
  3255 | D:4      | Found Aru Kuas's Mass Market.
  3258 | D:4      | Noticed Ijyb
  3269 | D:4      | Killed Ijyb
  3270 | D:4      | Reached skill level 6 in Maces & Flails
  3364 | D:4      | Noticed Eustachio
  3375 | D:4      | Killed Eustachio
  3376 | D:4      | Reached skill level 7 in Maces & Flails
  3618 | D:4      | Found a staircase to the Ecumenical Temple.
  3624 | Temple   | Entered the Ecumenical Temple
  3953 | D:5      | Entered Level 5 of the Dungeon
  4071 | D:5      | Reached XP level 8. HP: 55/66 MP: 8/8
  4076 | D:5      | Reached skill level 8 in Maces & Flails
  4198 | D:5      | Noticed a yak
  4198 | D:5      | Noticed a yak
  4206 | D:4      | Killed a yak
  4207 | D:4      | Reached skill level 9 in Maces & Flails
  4243 | D:4      | Slain by an iguana

Illustrated notes

Levels and vault maps discovered:
D:1:      enne_arrival_octagon_isle, layout_loops_corners, serial_shops, shop,
          nicolae_shop_tiny_glass, minmay_pentomino_u2
D:2:      layout_loops_ring, uniq_natasha
D:3:      minmay_roachtagon, layout_loops_corners, serial_shops, shop,
          basic_ecumenical_altar
D:4:      layout_cave_pools, minmay_temple_entry_nine_rooms, minmay_shop_mass,
          grunt_decor_mini_mirrors, uniq_eustachio, uniq_duvessa, uniq_ijyb
D:5:      layout_rooms, lemuel_flamethrower_1, uniq_menkaure
Temple:   regret_index_temple_waves

Skill      XL: |  1  2  3  4  5  6  7  8 |
---------------+-------------------------+-----
Axes           | 3 4 6 |  6.2
Fighting       | 4 |  4.0
Maces & Flails | 3 5 7 9 |  9.0
Armour         | |  3.6
Shields        | |  3.2

Action                     |  1- 3 |  4- 6 |  7- 9 || total
---------------------------+-------+-------+-------++-------
  Melee: War axe           |   112 |    29 |       ||   141
         Mace              |       |    67 |    58 ||   125
  Throw: Dart              |       |       |    11 ||    11
    Use: Potion            |       |     1 |     1 ||     2
 Armour: Scale mail        |    50 |    21 |       ||    71
         Chain mail        |       |    39 |    44 ||    83
  Dodge: Dodged            |    41 |    38 |    26 ||   105
  Block: Buckler           |    30 |    19 |    15 ||    64
         Reflection        |       |       |     1 ||     1
